TOP OF THE 1ST |
Oklahoma State University Cowboys batting - Pitching for Clemson University Tigers : RHP Oscar Alvarado
|
Pitching: RHP Oscar Alvarado
|
|
Batting: RHB Tony Cabrera
|
0-0: Foul Ball, location: 2F 0-1: Ball 1-1: Swinging Strike 1-2: Strikes out swinging
|
Batting: RHB Dave de Wolff
|
0-0: Ball 1-0: Swinging Strike 1-1: Ball 2-1: Called Strike 2-2: Ball 3-2: Base on Balls
|
Batting: SHB Guy Jerome
|
0-0: Foul Ball, location: 2F 0-1: Ball 1-1: Grounds into double play, 6-4-3 (Groundball, 6, EV 96.9 MPH)
|
Top of the 1st over - 0 runs, 0 hits, 0 errors, 0 left on base; Oklahoma State University 0 - Clemson University 0 |
BOTTOM OF THE 1ST |
Clemson University Tigers batting - Pitching for Oklahoma State University Cowboys : RHP Alje Velders
|
Pitching: RHP Alje Velders
|
|
Batting: RHB Joaquin Salazar
|
0-0: Called Strike 0-1: Foul Ball, location: 2F 0-2: Foul Ball, location: 2F 0-2: Ball 1-2: Strikes out swinging
|
Batting: SHB Ronnie Brooks
|
0-0: Called Strike 0-1: SINGLE (Line Drive, 89M, EV 103.8 MPH)
|
Batting: RHB Kenny Ball
|
0-0: Called Strike 0-1: Fly out, F8 (Flyball, 8LM, EV 81.9 MPH)
|
Batting: LHB Armando Arellano
|
0-0: Ball 1-0: Ball 2-0: Called Strike 2-1: Ball 3-1: Fly out, F7 (Flyball, 78M, EV 81.2 MPH)
|
Bottom of the 1st over - 0 runs, 1 hit, 0 errors, 1 left on base; Oklahoma State University 0 - Clemson University 0 |
TOP OF THE 2ND |
Oklahoma State University Cowboys batting - Pitching for Clemson University Tigers : RHP Oscar Alvarado
|
Batting: RHB Josh Patterson
|
0-0: Ball 1-0: Foul Ball, location: 2F 1-1: Ball 2-1: Ball 3-1: Base on Balls
|
Batting: RHB Ch'ang-chieh Hsia
|
0-0: Called Strike 0-1: Ball 1-1: Swinging Strike 1-2: DOUBLE (Flyball, 78XD, EV 105.0 MPH) Josh Patterson to third
|
Batting: LHB Leo Puentes
|
0-0: Called Strike 0-1: Foul Ball, location: 2F 0-2: Ball 1-2: Fly out, F4 (Popup, 4M, EV 61.2 MPH)
|
Batting: SHB Suzunosuke Yamaguchi
|
0-0: Called Strike 0-1: Foul Ball, location: 2F 0-2: SINGLE (Flyball, 4D, EV 88.8 MPH) Josh Patterson scores Ch'ang-chieh Hsia to third
|
Batting: RHB Jay Hickman
|
0-0: Called Strike 0-1: Ball 1-1: Swinging Strike 1-2: Strikes out swinging
|
Batting: RHB Cody Kafer
|
0-0: SINGLE (Line Drive, 4D, EV 100.0 MPH) Ch'ang-chieh Hsia scores Suzunosuke Yamaguchi to second Runner from 2nd tries for 3rd, SAFE, throw by RF made to third
|
Batting: RHB Tony Cabrera
|
0-0: Called Strike 0-1: Called Strike 0-2: Strikes out swinging
|
Top of the 2nd over - 2 runs, 3 hits, 0 errors, 2 left on base; Oklahoma State University 2 - Clemson University 0 |
BOTTOM OF THE 2ND |
Clemson University Tigers batting - Pitching for Oklahoma State University Cowboys : RHP Alje Velders
|
Batting: LHB Alex Chairez
|
0-0: Called Strike 0-1: Foul Ball, location: 2F 0-2: Ball 1-2: Ball 2-2: Ground out U3 (Groundball, 34S, EV 68.8 MPH)
|
Batting: RHB Luis Cruz
|
0-0: Ball 1-0: Ground out 5-3 (Groundball, 5S, EV 80.0 MPH)
|
Batting: RHB Willie Rubio
|
0-0: Ball 1-0: Ball 2-0: Called Strike 2-1: Ball 3-1: Fly out, F8 (Flyball, 8LD, EV 96.9 MPH)
|
Bottom of the 2nd over - 0 runs, 0 hits, 0 errors, 0 left on base; Oklahoma State University 2 - Clemson University 0 |
TOP OF THE 3RD |
Oklahoma State University Cowboys batting - Pitching for Clemson University Tigers : RHP Oscar Alvarado
|
Batting: RHB Dave de Wolff
|
0-0: Ball 1-0: Called Strike 1-1: Ball 2-1: Ball 3-1: Swinging Strike 3-2: Foul Ball, location: 2F 3-2: Foul Ball, location: 2F 3-2: Base on Balls
|
Batting: SHB Guy Jerome
|
0-0: Ball 1-0: Fielders Choice at 2nd, 4-6 (Groundball, 4, EV 86.2 MPH)
|
Batting: RHB Josh Patterson
|
0-0: Ball 1-0: Foul Ball, location: 2F 1-1: Called Strike 1-2: Foul Ball, location: 2F 1-2: Ball 2-2: Foul Ball, location: 2F 2-2: Foul Ball, location: 2F 2-2: Ball 3-2: Ground out 5-3 (Groundball, 5L, EV 106.9 MPH) Guy Jerome to second
|
Batting: RHB Ch'ang-chieh Hsia
|
0-0: Foul Ball, location: 2F 0-1: Reached on error, E3 (Groundball, 3, EV 88.1 MPH) Guy Jerome to third
|
Batting: LHB Leo Puentes
|
0-0: Ball 1-0: Foul Ball, location: 2F 1-1: Foul Ball, location: 2F 1-2: Foul Ball, location: 2F 1-2: Strikes out looking
|
Top of the 3rd over - 0 runs, 0 hits, 1 error, 2 left on base; Oklahoma State University 2 - Clemson University 0 |
BOTTOM OF THE 3RD |
Clemson University Tigers batting - Pitching for Oklahoma State University Cowboys : RHP Alje Velders
|
Batting: LHB Ivan Castillo
|
0-0: Swinging Strike 0-1: Called Strike 0-2: Strikes out swinging
|
Batting: RHB Lao-che Zhu
|
0-0: Ground out 3-1 (Groundball, 34S, EV 83.1 MPH)
|
Batting: RHB Joaquin Salazar
|
0-0: Ball 1-0: Ground out 4-3 (Groundball, 4, EV 89.4 MPH)
|
Bottom of the 3rd over - 0 runs, 0 hits, 0 errors, 0 left on base; Oklahoma State University 2 - Clemson University 0 |
TOP OF THE 4TH |
Oklahoma State University Cowboys batting - Pitching for Clemson University Tigers : RHP Oscar Alvarado
|
Batting: SHB Suzunosuke Yamaguchi
|
0-0: Ball 1-0: Ball 2-0: Ball 3-0: Base on Balls
|
Batting: RHB Jay Hickman
|
0-0: Fly out, F9 (Flyball, 89D, EV 103.8 MPH)
|
Batting: RHB Cody Kafer
|
0-0: Called Strike 0-1: Foul Ball, location: 2F 0-2: Fly out, F8 (Line Drive, 8LM, EV 91.2 MPH)
|
Pitching: LHP Omar Gutierrez
|
|
Batting: RHB Tony Cabrera
|
0-0: Ball 1-0: Ball 2-0: Called Strike 2-1: 2-RUN HOME RUN (Flyball, 7D, EV 99.4 MPH), Distance : 384 ft
|
Batting: RHB Dave de Wolff
|
0-0: Called Strike 0-1: Called Strike 0-2: Ball 1-2: Foul Ball, location: 2F 1-2: Ball 2-2: SINGLE (Flyball, 9LS, EV 93.8 MPH)
|
Batting: SHB Guy Jerome
|
0-0: Called Strike 0-1: Ball 1-1: Fielders Choice at 2nd, 6-4 (Groundball, 6, EV 84.4 MPH)
|
Top of the 4th over - 2 runs, 2 hits, 0 errors, 1 left on base; Oklahoma State University 4 - Clemson University 0 |
BOTTOM OF THE 4TH |
Clemson University Tigers batting - Pitching for Oklahoma State University Cowboys : RHP Alje Velders
|
Batting: SHB Ronnie Brooks
|
0-0: Ball 1-0: Ball 2-0: Swinging Strike 2-1: Ball 3-1: Foul Ball, location: 2F 3-2: Ground out U3 (Groundball, 13, EV 88.1 MPH)
|
Batting: RHB Kenny Ball
|
0-0: Ball 1-0: DOUBLE (Line Drive, 89D, EV 102.5 MPH)
|
Batting: LHB Armando Arellano
|
0-0: Ball 1-0: Called Strike 1-1: SINGLE (Flyball, 89S, EV 91.2 MPH) Kenny Ball to third
|
Batting: LHB Alex Chairez
|
0-0: Swinging Strike 0-1: Ball 1-1: Grounds into double play, 5-4-3 (Groundball, 15, EV 90.0 MPH)
|
Bottom of the 4th over - 0 runs, 2 hits, 0 errors, 1 left on base; Oklahoma State University 4 - Clemson University 0 |
TOP OF THE 5TH |
Oklahoma State University Cowboys batting - Pitching for Clemson University Tigers : LHP Omar Gutierrez
|
Batting: RHB Josh Patterson
|
0-0: Foul Ball, location: 2F 0-1: Ball 1-1: Fly out, F9 (Flyball, 9LM, EV 83.1 MPH)
|
Batting: RHB Ch'ang-chieh Hsia
|
0-0: Foul Ball, location: 2F 0-1: Called Strike 0-2: Hit by Pitch
|
Batting: LHB Leo Puentes
|
0-0: Grounds into double play, 3-6-1 (Groundball, 3, EV 103.8 MPH)
|
Top of the 5th over - 0 runs, 0 hits, 0 errors, 0 left on base; Oklahoma State University 4 - Clemson University 0 |
BOTTOM OF THE 5TH |
Clemson University Tigers batting - Pitching for Oklahoma State University Cowboys : RHP Alje Velders
|
Batting: RHB Luis Cruz
|
0-0: Ball 1-0: Ball 2-0: SINGLE (Line Drive, 78M, EV 109.4 MPH)
|
Batting: RHB Willie Rubio
|
0-0: Swinging Strike 0-1: Ball 1-1: Foul Ball, location: 2F 1-2: Foul Ball, location: 2F 1-2: Ball 2-2: Strikes out looking
|
Batting: LHB Ivan Castillo
|
0-0: SINGLE (Groundball, 4D, EV 103.1 MPH) Luis Cruz to second Runner from 2nd tries for 3rd, SAFE, throw by RF made to third
|
Batting: RHB Lao-che Zhu
|
0-0: Called Strike 0-1: SINGLE (Groundball, 34D, EV 100.6 MPH) Luis Cruz scores Ivan Castillo to second Runner from 2nd tries for 3rd, OUT! 9-5
|
Batting: RHB Joaquin Salazar
|
0-0: Ball 1-0: Ball 2-0: Swinging Strike 2-1: Called Strike 2-2: Strikes out looking
|
Bottom of the 5th over - 1 run, 3 hits, 0 errors, 1 left on base; Oklahoma State University 4 - Clemson University 1 |
TOP OF THE 6TH |
Oklahoma State University Cowboys batting - Pitching for Clemson University Tigers : LHP Omar Gutierrez
|
Batting: SHB Suzunosuke Yamaguchi
|
0-0: Swinging Strike 0-1: Foul Ball, location: 2F 0-2: SINGLE (Groundball, 6MD, EV 94.4 MPH)
|
Batting: RHB Jay Hickman
|
0-0: Foul Ball, location: 2F 0-1: Foul Ball, location: 2F 0-2: Ball 1-2: Ball 2-2: Foul Ball, location: 2F 2-2: Foul Ball, location: 2F 2-2: Grounds into double play, 6-4-3 (Groundball, 6, EV 100.6 MPH)
|
Batting: RHB Cody Kafer
|
0-0: Ball 1-0: Ball 2-0: Called Strike 2-1: Fly out, F9 (Flyball, 9, EV 89.4 MPH)
|
Top of the 6th over - 0 runs, 1 hit, 0 errors, 0 left on base; Oklahoma State University 4 - Clemson University 1 |
BOTTOM OF THE 6TH |
Clemson University Tigers batting - Pitching for Oklahoma State University Cowboys : RHP Alje Velders
|
Batting: SHB Ronnie Brooks
|
0-0: Called Strike 0-1: Ball 1-1: Fly out, F8 (Flyball, 8LD, EV 99.4 MPH)
|
Batting: RHB Kenny Ball
|
0-0: Foul Ball, location: 2F 0-1: Ball 1-1: Called Strike 1-2: Strikes out swinging
|
Batting: LHB Armando Arellano
|
0-0: Called Strike 0-1: Fly out, F9 (Flyball, 89M, EV 84.4 MPH)
|
Bottom of the 6th over - 0 runs, 0 hits, 0 errors, 0 left on base; Oklahoma State University 4 - Clemson University 1 |
TOP OF THE 7TH |
Oklahoma State University Cowboys batting - Pitching for Clemson University Tigers : LHP Omar Gutierrez
|
Pitching: LHP Jason Peck
|
|
Batting: RHB Tony Cabrera
|
0-0: Called Strike 0-1: Foul Ball, location: 2F 0-2: Ball 1-2: Foul Ball, location: 2F 1-2: Ball 2-2: Ball 3-2: SINGLE (Line Drive, 34D, EV 107.5 MPH)
|
Batting: RHB Dave de Wolff
|
0-0: Ball 1-0: Ball Tony Cabrera is caught stealing 2nd base 2-4 2-0: Ball 3-0: Called Strike 3-1: Foul Ball, location: 2F 3-2: Fly out, F7 (Flyball, 7D, EV 94.4 MPH)
|
Batting: SHB Guy Jerome
|
0-0: Ball 1-0: Ball 2-0: Fly out, F8 (Flyball, 78S, EV 98.1 MPH)
|
Top of the 7th over - 0 runs, 1 hit, 0 errors, 0 left on base; Oklahoma State University 4 - Clemson University 1 |
BOTTOM OF THE 7TH |
Clemson University Tigers batting - Pitching for Oklahoma State University Cowboys : RHP Alje Velders
|
Batting: LHB Alex Chairez
|
0-0: Swinging Strike 0-1: Ground out U3 (Groundball, 3, EV 100.6 MPH)
|
Pinch Hitting: RHB Kirk Cully
|
0-0: Ball 1-0: Called Strike 1-1: Called Strike 1-2: Foul Ball, location: 2F 1-2: Ball 2-2: Ball 3-2: Foul Ball, location: 2F 3-2: Strikes out looking
|
Pinch Hitting: RHB Manny Balderas
|
0-0: Ball 1-0: Foul Ball, location: 2F 1-1: Ball 2-1: Ground out 5-3 (Groundball, 5, EV 90.0 MPH)
|
Bottom of the 7th over - 0 runs, 0 hits, 0 errors, 0 left on base; Oklahoma State University 4 - Clemson University 1 |
TOP OF THE 8TH |
Oklahoma State University Cowboys batting - Pitching for Clemson University Tigers : LHP Jason Peck
|
Now at 2B: Manny Balderas
|
|
Now in LF: Jon Solis
|
|
Batting: RHB Josh Patterson
|
0-0: Ground out 6-3 (Groundball, 6, EV 91.2 MPH)
|
Batting: RHB Ch'ang-chieh Hsia
|
0-0: Ball 1-0: SINGLE (Line Drive, 4MD, EV 95.6 MPH)
|
Batting: LHB Leo Puentes
|
0-0: Foul Ball, location: 2F 0-1: Grounds into double play, 3-6-3 (Groundball, 34, EV 104.4 MPH)
|
Top of the 8th over - 0 runs, 1 hit, 0 errors, 0 left on base; Oklahoma State University 4 - Clemson University 1 |
BOTTOM OF THE 8TH |
Clemson University Tigers batting - Pitching for Oklahoma State University Cowboys : RHP Alje Velders
|
Pitching: RHP Matt Elliott
|
|
Batting: LHB Ivan Castillo
|
0-0: Called Strike 0-1: Foul Ball, location: 2F 0-2: Ball 1-2: Ball 2-2: Foul Ball, location: 2F 2-2: Foul Ball, location: 2F 2-2: Foul Ball, location: 2F 2-2: Ball 3-2: Foul Ball, location: 2F 3-2: Strikes out swinging
|
Batting: RHB Lao-che Zhu
|
0-0: Ball 1-0: Called Strike 1-1: Ground out 4-3 (Groundball, 4D, EV 105.6 MPH)
|
Batting: RHB Joaquin Salazar
|
0-0: Called Strike 0-1: Ball 1-1: Foul Ball, location: 2F 1-2: Ball 2-2: Strikes out swinging
|
Bottom of the 8th over - 0 runs, 0 hits, 0 errors, 0 left on base; Oklahoma State University 4 - Clemson University 1 |
TOP OF THE 9TH |
Oklahoma State University Cowboys batting - Pitching for Clemson University Tigers : LHP Jason Peck
|
Pitching: RHP Trent Murdock
|
|
Batting: SHB Suzunosuke Yamaguchi
|
0-0: Swinging Strike 0-1: Ground out U3 (Groundball, 3, EV 85.6 MPH)
|
Batting: RHB Jay Hickman
|
0-0: Foul Ball, location: 2F 0-1: Ball 1-1: Foul Ball, location: 2F 1-2: Strikes out swinging
|
Batting: RHB Cody Kafer
|
0-0: Ball 1-0: Called Strike 1-1: Ground out 4-3 (Groundball, 4, EV 90.0 MPH)
|
Top of the 9th over - 0 runs, 0 hits, 0 errors, 0 left on base; Oklahoma State University 4 - Clemson University 1 |
BOTTOM OF THE 9TH |
Clemson University Tigers batting - Pitching for Oklahoma State University Cowboys : RHP Matt Elliott
|
Pitching: LHP Ronnie Pickering
|
|
Batting: SHB Ronnie Brooks
|
0-0: Ball 1-0: Swinging Strike 1-1: Foul Ball, location: 2F 1-2: Foul Ball, location: 2F 1-2: Strikes out looking
|
Pinch Hitting: RHB Bartolo Aguilar
|
0-0: Foul Ball, location: 2F 0-1: Ball 1-1: Ball 2-1: Swinging Strike 2-2: Strikes out swinging
|
Batting: LHB Armando Arellano
|
0-0: Ball 1-0: Foul Ball, location: 2F 1-1: Foul Ball, location: 2F 1-2: Foul Ball, location: 2F 1-2: Ball 2-2: Fly out, F7 (Flyball, 78M, EV 90.0 MPH)
|
Bottom of the 9th over - 0 runs, 0 hits, 0 errors, 0 left on base; Oklahoma State University 4 - Clemson University 1 |
|